 Dungeon Crawl Stone Soup version 0.18.1-5-g4a78601 (webtiles) character file.

125 epen the Ruffian (level 5, -4/45 HPs)
             Began as a Ghoul Gladiator on May 13, 2016.
             Slain by an ogre
             ... wielding a cursed +0 giant club
              (18 damage)
             ... on level 3 of the Dungeon.
             The game lasted 00:03:06 (2444 turns).

epen the Ruffian (Ghoul Gladiator)                  Turns: 2444, Time: 00:03:07

Health: -4/45      AC: 10    Str: 19    XL:     5   Next: 9%
Magic:  4/4        EV:  8    Int:  3    God:
Gold:   107        SH:  0    Dex: 10    Spells: 0 memorised, 4 levels left

rFire  . . .     SeeInvis .       - Unarmed
rCold  + . .     Gourm    .     f - +0 chain mail (curse)
rNeg   + + +     Faith    .     (no shield)
rPois  ∞         Spirit   .     b - +0 helmet
rElec  .         Dismiss  .     (no cloak)
rCorr  .         Reflect  .     (no gloves)
SustAt .         Harm     .     j - +0 pair of boots
MR     .....                    (no amulet)
Stlth  ..........               (no ring)
                                (no ring)

@: rotting, not resistant to hostile enchantments, extremely unstealthy
A: rotting body, claws 1, carnivore 3, cold resistance 1, negative energy
resistance 3, slow regeneration 1, torment resistance, unbreathing
a: no special abilities


You were on level 3 of the Dungeon.
You were not hungry.

You visited 1 branch of the dungeon, and saw 3 of its levels.

You collected 107 gold pieces.

Inventory:

Missiles
 c - 3 throwing nets (quivered)
Armour
 a - a +0 leather armour
 b - a +0 helmet (worn)
 f - a cursed +0 chain mail (worn)
 j - a +0 pair of boots (worn)
Scrolls
 e - a scroll of random uselessness {unknown}
 g - a scroll of blinking {unknown}
 k - a scroll of teleportation {unknown}
 l - 4 scrolls of identify {unknown}
 m - a scroll of magic mapping {unknown}
 n - a scroll of remove curse {unknown}
Potions
 i - a potion of cancellation {unknown}
Comestibles
 d - 3 meat rations
 h - a beef jerky


   Skills:
 + Level 3.0 Fighting
 - Level 1.7 Throwing
 + Level 1.0 Armour
 * Level 3.8 Dodging
 * Level 4.4 Unarmed Combat


You had 4 spell levels left.
You didn't know any spells.

Dungeon Overview and Level Annotations

Branches:
Dungeon (3/15)

Altars:


Innate Abilities, Weirdness & Mutations

Your body is rotting away.
You thrive on raw meat.
You are immune to poison.
You have sharp fingernails.
You are carnivorous and can eat meat at any time.
Your flesh is cold resistant.
You are immune to negative energy.
You regenerate slowly when monsters are visible.
You are immune to unholy pain and torment.
You can survive without breathing.


Message History

o - 3 chunks of flesh Eat one of 3 chunks of flesh? (ye/n/q/i?) This raw flesh tastes great!
You continue eating. x2
Eat one of 2 chunks of flesh? (ye/n/q/i?) This raw flesh tastes great!
You continue eating. x2
Eat a chunk of flesh? (ye/n/q/i?) This raw flesh tastes great!
You continue eating. x2
The ogre hits you with a giant club!
An ogre is nearby!
You barely miss the ogre. You scratch the ogre.
The ogre is lightly wounded.
The ogre hits you with a giant club!
You claw the ogre!
The ogre is heavily wounded.
The ogre hits you with a giant club!!
You die...

## ####
#.#O..# #@#
######.#
#......#
#.######
#....)#######
#..##........
#..##########
#(.# #..#


You could see an ogre.

Vanquished Creatures
  3 gnolls (D:2)
  4 adders (D:2)
  2 oozes (D:2)
  A worm (D:2)
  A giant gecko (D:2)
  2 giant cockroaches
  7 goblins
  5 hobgoblins
  2 jackals (D:2)
  A quokka (D:3)
  6 bats
  4 giant newts
  6 kobolds
  12 rats
56 creatures vanquished.

Notes
Turn   | Place    | Note
--------------------------------------------------------------
     0 | D:1      | epen the Ghoul Gladiator began the quest for the Orb.
     0 | D:1      | Reached XP level 1. HP: 17/17 MP: 0/0
    59 | D:1      | Reached XP level 2. HP: 22/24 MP: 1/1
   930 | D:2      | Reached XP level 3. HP: 16/28 MP: 2/2
  1430 | D:2      | Reached skill level 1 in Armour
  1430 | D:2      | Reached skill level 4 in Unarmed Combat
  1430 | D:2      | Reached XP level 4. HP: 11/35 MP: 3/3
  2118 | D:2      | Reached XP level 5. HP: 41/44 MP: 4/4
  2440 | D:3      | Noticed an ogre
  2444 | D:3      | Slain by an ogre

Skill      XL: |  1  2  3  4 |
---------------+-------------+-----
Dodging        | 3 |  3.8
Armour         | 1 |  1.0
Unarmed Combat | 4 |  4.4
Fighting       | 3 |  3.0
Throwing       | |  1.7

Action                   |  1- 3 |  4- 6 || total
-------------------------+-------+-------++-------
Melee: Unarmed           |   102 |    90 ||   192
       Punch             |     1 |     1 ||     2
  Eat: Chunk             |     5 |    14 ||    19
Armor: Leather armour    |     7 |       ||     7
       Chain mail        |    48 |    40 ||    88
Dodge: Dodged            |    52 |    28 ||    80
